Map: Ley Lines

Players

Moja - Winner!

  • Race: Terran Terran
  • League: Grandmaster
  • Spawn Location: 7:00

Kamikaze

  • Race: Terran Terran
  • League: Grandmaster
  • Spawn Location: 1:00

VOD

Have the link to the VOD?

Description

Standard TvT Build with Timing Push

Time

  • Played on: Sept. 4, 2025, 4:09 p.m.
  • Length: 7:54
Show
View Real Time Build Order
Export as new Build Order

Moja Terran - Winner!

Build Orders: Cyclone Opening 

Get SALT Encoding   

  12  0:00  SCV  
  13  0:12  SCV  
  14  0:17  Supply Depot  
  14  0:24  SCV  
  14  0:27  Refinery  
  15  0:38  SCV  
  16  0:44  Barracks  
  16  0:50  SCV  
  16  0:55  Refinery  
  17  1:02  SCV  
  18  1:15  SCV  
  19  1:30  Orbital Command, Reaper  
  20  1:34  Factory  
  20  1:42  Supply Depot  
  20  1:56  SCV  
  21  2:02  Reaper  
  21  2:08  SCV  
  23  2:17  Hellion  
  25  2:24  Command Center  
  25  2:26  SCV  
  26  2:35  Barracks Reactor  
  26  2:38  SCV, Factory Tech Lab  
  27  2:45  Supply Depot  
  27  2:50  SCV  
  28  2:54  Starport  
  28  2:58  Cyclone  
  31  3:07  SCV  
  32  3:19  SCV  
  33  3:22  Marine x2  
  33  3:25  Refinery  
  35  3:31  SCV  
  36  3:34  Starport Tech Lab  
  36  3:36  Orbital Command  
  36  3:42  Cyclone  
  36  3:43  SCV  
  40  3:53  Interference Matrix, Raven  
  42  3:55  SCV  
  42  3:58  Marine x2  
  42  4:02  SCV  
  46  4:08  SCV, Supply Depot  
  47  4:14  SCV  
  47  4:15  Siege Tank  
  51  4:20  SCV  
  52  4:26  SCV  
  52  4:30  Raven  
  55  4:32  SCV  
  55  4:33  Supply Depot  
  55  4:38  SCV  
  57  4:44  SCV  
  58  4:47  Command Center  
  58  4:50  SCV  
  59  4:55  Siege Tank  
  59  4:56  SCV  
  63  5:02  SCV  
  63  5:04  Supply Depot  
  63  5:06  Stimpack  
  64  5:08  SCV  
  64  5:09  Starport Reactor  
  64  5:14  SCV, Barracks  
  65  5:20  SCV  
  67  5:23  Barracks  
  67  5:26  Refinery, SCV  
  67  5:27  Siege Tank  
  71  5:33  SCV  
  72  5:38  SCV, Supply Depot  
  72  5:40  Engineering Bay x2  
  73  5:45  SCV  
  74  5:50  SCV  
  74  5:52  Marine  
  77  5:57  SCV, Starport Reactor  
  77  5:58  Orbital Command  
  77  5:59  Siege Tank  
  77  6:01  Marine x2  
  77  6:03  SCV  
  83  6:09  SCV  
  84  6:14  Marine  
  84  6:15  SCV  
  86  6:19  Marine x3  
  86  6:21  Orbital Command, SCV  
  90  6:26  Supply Depot  
  90  6:27  SCV  
  91  6:33  Marine x2, SCV  
  91  6:34  Siege Tank, Medivac  
  91  6:35  Medivac  
  101  6:40  SCV  
  101  6:46  Marine, SCV  
  101  6:47  Marine  
  101  6:49  Supply Depot  
  101  6:52  SCV x2  
  104  6:55  Marine x2  
  104  6:56  Marine, Supply Depot  
  104  6:58  SCV  
  108  7:01  Supply Depot  
  108  7:03  Armory  
  108  7:04  Marine  
  109  7:11  Marine, SCV x2, Medivac x2  
  109  7:13  Marine  
  117  7:17  Siege Tank, SCV  
  117  7:22  Barracks  
  121  7:23  Barracks  
  121  7:25  SCV  
  121  7:26  Refinery, SCV  
  121  7:28  Refinery  
  121  7:29  SCV  
  124  7:33  Supply Depot  
Show
View Real Time Build Order
Export as new Build Order

Kamikaze Terran 

Build Orders:  

Get SALT Encoding   

  12  0:00  SCV  
  13  0:12  SCV  
  14  0:17  Supply Depot  
  14  0:24  SCV  
  15  0:38  SCV  
  15  0:40  Barracks  
  16  0:43  Refinery  
  16  0:50  SCV  
  16  0:54  Refinery  
  17  1:02  SCV  
  18  1:15  SCV  
  19  1:27  Orbital Command, Reaper  
  19  1:32  Supply Depot  
  20  1:42  Factory  
  20  1:53  SCV  
  21  2:00  Barracks Reactor  
  21  2:05  SCV  
  22  2:17  SCV  
  23  2:24  Command Center  
  23  2:27  Hellion  
  25  2:30  SCV  
  26  2:39  Supply Depot  
  26  2:42  Reaper x2  
  26  2:43  SCV  
  29  2:49  Hellion  
  31  3:01  SCV  
  31  3:12  Starport  
  30  3:21  SCV  
  31  3:33  SCV  
  32  3:38  Factory Tech Lab  
  32  3:43  Command Center  
  32  3:48  SCV  
  32  3:50  Starport Tech Lab  
  35  3:56  Cyclone  
  35  3:57  Refinery  
  35  4:00  SCV  
  37  4:06  Orbital Command  
  37  4:11  Raven  
  39  4:17  SCV  
  39  4:21  Interference Matrix  
  40  4:29  Siege Tank  
  40  4:30  SCV  
  44  4:32  SCV  
  45  4:42  SCV  
  45  4:44  SCV  
  47  4:45  Starport  
  47  4:48  Refinery  
  47  4:51  Raven  
  49  4:54  SCV  
  49  4:56  SCV  
  49  4:59  Orbital Command  
  51  5:06  SCV  
  52  5:08  Siege Tank, SCV  
  56  5:18  SCV  
  56  5:21  SCV, Supply Depot  
  58  5:25  Viking x2  
  58  5:26  SCV  
  63  5:30  SCV  
  63  5:33  SCV  
  67  5:35  Raven  
  67  5:38  SCV  
  67  5:39  Supply Depot  
  67  5:42  SCV  
  69  5:45  SCV  
  69  5:47  Siege Tank  
  73  5:50  SCV  
  73  5:54  SCV  
  73  5:57  Viking  
  77  5:59  SCV  
  77  6:01  Viking, Supply Depot  
  77  6:02  SCV  
  81  6:10  SCV, Supply Depot  
  82  6:12  Engineering Bay  
  82  6:13  Viking  
  82  6:14  Orbital Command  
  82  6:16  SCV  
  85  6:22  SCV  
  86  6:29  Refinery  
  86  6:30  Viking  
  86  6:32  Viking, Refinery  
  90  6:34  SCV  
  90  6:39  SCV  
  92  6:45  SCV  
  90  6:47  Siege Tank  
  90  6:48  SCV  
  90  6:50  Missile Turret  
  94  7:00  Factory  
  94  7:01  Barracks Tech Lab  
  94  7:04  SCV  
  94  7:05  SCV  
  94  7:07  SCV  
  97  7:13  Armory  
  97  7:14  Armory  
  97  7:16  SCV  
  97  7:17  SCV  
  97  7:19  SCV  
  100  7:28  SCV  
  100  7:29  SCV  
  109  7:31  Missile Turret  
  109  7:38  SCV  
  109  7:39  Sensor Tower  
  109  7:40  SCV  
Tags
 
Add a new tag
Caveats
  • Supply blocks, unpowered buildings, or Contaminate may cause inaccurate times.
  • Supply counts are checked every 10 seconds.